 Dungeon Crawl Stone Soup version 0.30-a0-2-gf48d83f5e2 (webtiles) character file.

Game seed: 10356392709643599003

189 SensoryNuts the Trooper (level 5, -1/46 HPs)
             Began as a Draconian Fighter on Aug 20, 2022.
             Was a Believer of Fedhas.
             Slain by a phantom (4 damage)
             ... on level 2 of the Dungeon.
             The game lasted 00:04:45 (4473 turns).

SensoryNuts the Trooper (Draconian Fighter)         Turns: 4473, Time: 00:04:45

Health: -1/46      AC:  5    Str: 18      XL:     5   Next: 40%
Magic:  5/5        EV: 12    Int:  7 (9)  God:    Fedhas [**....]
Gold:   112        SH:  5    Dex:  9 (10) Spells: 4/4 levels left

rFire   . . .      SeeInvis .    c - +0 short sword (venom)
rCold   . . .      Faith    .    b - +1 buckler
rNeg    . . .      Spirit   .    (body armour unavailable)
rPois   +          Reflect  .    (helmet restricted)
rElec   .          Harm     .    (no cloak)
rCorr   .          Rampage  .    (no gloves)
Will    .....                    (no boots)
Stlth   +.........               (no amulet)
HPRegen 0.15/turn                (no ring)
MPRegen 0.09/turn                (no ring)

@: no status effects
A: AC +5, unfitting armour, cold-blooded, poison resistance, weak 1
a: Renounce Religion, Wall of Briars


You were on level 2 of the Dungeon.
You worshipped Fedhas.
Fedhas was pleased with you.
You visited 1 branch of the dungeon, and saw 4 of its levels.

You collected 112 gold pieces.

Inventory:

Hand Weapons
 a - a +0 long sword
 c - a +0 short sword of venom (weapon)
Missiles
 i - a throwing net (quivered)
Armour
 b - a +1 buckler (worn)
Jewellery
 k - an amulet of faith
Wands
 d - a wand of mindburst (7)
Scrolls
 h - a scroll of fog
Potions
 e - a potion of brilliance


   Skills:
 + Level 4.1 Fighting
 + Level 3.9 Long Blades
 + Level 3.5 Dodging
 + Level 0.3 Stealth
 + Level 3.7 Shields


You had 4 spell levels left.
You didn't know any spells.
Your spell library was empty.

Dungeon Overview and Level Annotations

Branches:
Dungeon (4/15)
 Temple: D:4-7

Altars:
Fedhas


Innate Abilities, Weirdness & Mutations

Your plain brown scales are hard. (AC +5)
You cannot fit into any form of body armour.
You are cold-blooded and may be slowed by cold attacks.
Your system is resistant to poisons. (rPois)
You are weak. (Str -2)


Message History

The phantom blinks!
You blink.
You swing at nothing.
The phantom misses you.
The phantom hits you but does no damage.
You swing at nothing.
You hit the phantom but do no damage.
The phantom is severely damaged.
The phantom hits you but does no damage.
You completely miss the phantom.
You tail-slap the phantom, but do no damage.
The phantom is severely damaged.
The phantom closely misses you.
You barely miss the phantom.
The phantom is severely damaged.
The phantom hits you but does no damage.
The phantom hits you.
* * * LOW HITPOINT WARNING * * *
The phantom blinks!
You blink.
You swing at nothing.
You block the phantom's attack.
You hit the phantom but do no damage.
The phantom is severely damaged.
The phantom hits you but does no damage.
You hit the phantom.
The phantom is almost destroyed.
You block the phantom's attack.
You hit the phantom.
The phantom is almost destroyed.
The phantom misses you.
You barely miss the phantom.
Your tail-slap misses the phantom.
The phantom is almost destroyed.
The phantom barely misses you.
You hit the phantom but do no damage.
The phantom is almost destroyed.
The phantom hits you.
* * * LOW HITPOINT WARNING * * *
You hit the phantom but do no damage.
You tail-slap the phantom, but do no damage.
The phantom is almost destroyed.
The phantom hits you.
You die...
Fedhas appreciates your contribution to the ecosystem.

##### ###### ####.... .....#
########....... .....######
######........##....
..........####.W....#############
.....#.##.......@...#############
.>...#.########.............>....
######.................########..
#########.......).....##....
#...................
#.........###....###
#..........)>....###
##.........####......
######..........# ##..##.


You could see a phantom.

Vanquished Creatures
  Jessica (D:3)
  An orc wizard (D:3)
  4 gnolls
  3 adders
  A dart slug (D:3)
  5 orcs (D:3)
  3 bats
  5 endoplasms
  4 giant cockroaches (D:3)
  5 goblins
  3 hobgoblins (D:1)
  6 jackals
  5 kobolds
  6 quokkas
  5 ball pythons
  A frilled lizard (D:3)
  2 rats
60 creatures vanquished.

Notes
Turn   | Place    | Note
-------+----------+-------------------------------------------
     0 | D:1      | SensoryNuts the Draconian Fighter began the quest for the
                  | Orb.
     0 | D:1      | Reached XP level 1. HP: 19/19 MP: 1/1
   178 | D:1      | Reached XP level 2. HP: 21/26 MP: 2/2
   770 | D:1      | Gained mutation: Your system is resistant to poisons.
                  | (rPois) [potion of mutation]
   770 | D:1      | Gained mutation: You are weak. (Str -2) [potion of
                  | mutation]
  1313 | D:2      | Reached XP level 3. HP: 32/33 MP: 3/3
  1691 | D:2      | Found a faded altar of an unknown god.
  1700 | D:2      | Prayed at the altar of an unknown god.
  1700 | D:2      | Became a worshipper of Fedhas Madash
  1700 | D:2      | Reached * piety under Fedhas
  2186 | D:4      | Noticed a phantom
  2209 | D:3      | Reached XP level 4. HP: 7/40 MP: 4/4
  3247 | D:3      | Reached XP level 5. HP: 36/46 MP: 1/5
  3323 | D:3      | Reached skill level 4 in Fighting
  3657 | D:3      | Noticed Jessica
  3668 | D:3      | Killed Jessica
  4055 | D:3      | Reached ** piety under Fedhas
  4473 | D:2      | Slain by a phantom

Illustrated notes

Levels and vault maps discovered:
D:1:      mrwooster_arrival_arrow, layout_basic
D:2:      layout_rooms, shapermc_ecumenical_altar_venn, minmay_box_of_dots
D:3:      layout_loops_ring, gup_sewer_entry_pipe, uniq_jessica
D:4:      layout_basic, minmay_temple_entry_drinking_statues,
          kennysheep_pointless_box

Skill      XL: |  1  2  3  4  5 |
---------------+----------------+-----
Dodging        | 3 |  3.5
Long Blades    | 3 |  3.9
Fighting       | 4 |  4.1
Stealth        | |  0.3
Shields        | |  3.7

Action                   |  1- 3 |  4- 6 || total
-------------------------+-------+-------++-------
Melee: Long sword        |   132 |   107 ||   239
       Tailslap          |    10 |    20 ||    30
       Short sword       |       |    69 ||    69
  Use: Potion            |     4 |     4 ||     8
       Scroll            |     2 |     5 ||     7
Armor: Skin              |    43 |    37 ||    80
Dodge: Dodged            |    99 |    97 ||   196
Block: Buckler           |    30 |    36 ||    66

Table legend: (Time is in decaauts)
 A = Elapsed time spent in this place.
 B = Non-inter-level travel time spent in this place.
 C = Inter-level travel time spent in this place.
 D = Time resting spent in this place.
 E = Time spent auto-exploring this place.
 F = Levels seen in this place.
 G = Mean time per level.
                   A        B        C        D        E       F      G
               +--------+--------+--------+--------+--------+-----+--------+
         Total |   4575 |   4467 |    108 |    605 |   3123 |   4 | 1143.8 |
       Dungeon |   4575 |   4467 |    108 |    605 |   3123 |   4 | 1143.8 |
               +--------+--------+--------+--------+--------+-----+--------+

Top non-repeatable levels by time:
     D:3: 1821 daAuts
     D:2: 1343 daAuts
     D:1: 1138 daAuts
     D:4: 271 daAuts
